 Dungeon Crawl Stone Soup version 0.17.0-73-gb648821 (webtiles) character file.

116167 lucasterio the Bludgeoner (level 16, -9/121 HPs)
             Began as a Demonspawn Berserker on Dec 9, 2015.
             Was the Champion of Trog.
             Mangled by the 27-headed Lernaean hydra (10 damage)
             ... on level 4 of the Swamp.
             The game lasted 03:03:32 (28841 turns).

lucasterio the Bludgeoner (Demonspawn Berserker)   Turns: 28841, Time: 03:03:34

Health: -9/121     AC: 28    Str: 26    XL:     16   Next: 20%
Magic:  21/21      EV:  4    Int:  8    God:    Trog [******]
Gold:   383        SH: 16    Dex: 12    Spells: 0 memorised, 15 levels left

rFire  + + .     SeeInvis +     q - +8 morningstar "Undertaker" {venom, MR+}
rCold  + . .     Clarity  .     l - +5 scale mail "Teocaf" {rF+}
rNeg   . . .     SustAt   .     S - +2 large shield {rC+}
rPois  +         Gourm    .     b - +0 mask of the Dragon {MR+ Slay+3 SInv}
rElec  .         Spirit   .     g - +1 cloak of Zonul {rF+}
rCorr  .         Warding  .     D - +1 pair of gloves
rMut   .         Stasis   .     r - +1 pair of boots
MR     +++..                    a - amulet of regeneration
Stlth  ..........               u - +3 ring of protection
                                L - ring of poison resistance

@: lethally poisoned (-9 -> -9), exhausted, grasped by roots, slowed, very slow,
extremely resistant to hostile enchantments, extremely unstealthy
A: antennae 2, rugged brown scales 2, dopey 1, foul stench 1, powered by death
2, strong 1, wild magic 1, rot immunity, MP-powered wands
a: Berserk, Trog's Hand, Brothers in Arms, Burn Spellbooks, Renounce Religion


You were on level 4 of the Swamp.
You worshipped Trog.
Trog was exalted by your worship.
You were very hungry.

You visited 4 branches of the dungeon, and saw 28 of its levels.
You also visited: Labyrinth and Ice Cave.

You collected 2351 gold pieces.
You spent 1968 gold pieces at shops.

Inventory:

Hand Weapons
 d - a +1 great mace of draining
 q - the +8 morningstar "Undertaker" (weapon) {venom, MR+}
   (Trog gifted it to you on level 6 of the Lair of Beasts)

   It poisons the flesh of those it strikes.
   It affects your resistance to hostile enchantments.
 H - the +10 great mace of Wrongful Imprisonment {crush, +Fly Stlth+}
   (Trog gifted it to you on level 9 of the Dungeon)

   It inflicts extra damage upon your enemies.
   It lets you fly.
   It makes you more stealthy.
 I - a +0 shortbow
 P - a +3 triple sword of flaming
Missiles
 o - 224 arrows
Armour
 b - the +0 mask of the Dragon (worn) {MR+ Slay+3 SInv}
   (You bought it in a shop on level 10 of the Dungeon)

   It affects your accuracy and damage with ranged weapons and melee attacks
   (+3).
   It affects your resistance to hostile enchantments.
   It lets you see invisible.
 g - the +1 cloak of Zonul (worn) {rF+}
   (You bought it in a shop on level 10 of the Dungeon)

   It protects you from fire.
 l - the +5 scale mail "Teocaf" (worn) {rF+}
   (You found it on level 6 of the Lair of Beasts)

   It protects you from fire.
 r - a +1 pair of boots (worn)
 D - a +1 pair of gloves (worn)
 K - the +1 ring mail of the Bulwark {+Blink, unknown}
   (You found it on level 2 of the Swamp)

   It lets you blink.
 S - a +2 large shield of cold resistance (worn)
Jewellery
 a - an amulet of regeneration (around neck)
 h - a +3 ring of strength
 m - an uncursed ring of flight
 n - an uncursed ring of positive energy {unknown}
 u - a +3 ring of protection (right hand)
 L - a ring of poison resistance (left hand)
Wands
 f - a wand of paralysis (11)
 v - a wand of lightning (7)
 A - a wand of digging (16)
 B - a wand of teleportation (4)
 Q - a wand of paralysis (7)
Scrolls
 j - 5 scrolls of remove curse
 k - a scroll of enchant weapon
 p - 4 scrolls of magic mapping
 t - 2 scrolls of identify
 x - a scroll of silence {unknown}
 C - 2 scrolls of recharging
 G - a scroll of holy word {unknown}
 O - 5 scrolls of fog
 R - a scroll of blinking {unknown}
 T - a scroll of enchant armour
Potions
 c - a potion of berserk rage {unknown}
 e - 12 potions of curing
 i - 2 potions of might
 s - 6 potions of heal wounds
 z - 8 potions of agility
 F - a potion of haste {unknown}
 J - 2 potions of flight
 N - a potion of mutation
 U - a potion of brilliance {unknown}
 X - 3 potions of resistance
Miscellaneous
 y - a box of beasts
 E - a plain deck of destruction
 W - a fan of gales
Comestibles
 w - 28 fruits
 M - 2 bread rations
 V - 2 chunks of flesh


   Skills:
 * Level 7.7 Fighting
 - Level 19.0 Maces & Flails
 * Level 15.4 Armour
 - Level 1.7 Dodging
 + Level 1.6 Shields
 + Level 6.6 Evocations


You had 15 spell levels left.
You didn't know any spells.

Dungeon Overview and Level Annotations

Branches:
Dungeon (12/15)            Temple (0/1) D:5            Lair (8/8) D:8
  Swamp (4/4) Lair:6       Spider (0/4) Lair:6        Slime (0/6) Lair:8
    Orc (4/4) D:11            Elf (0/3) Orc:4

Altars:
Elyvilon
Kikubaaqudgha
Nemelex Xobeh
Sif Muna
Vehumet
The Shining One
Beogh

Shops:
D:4 ?!   D:7 %   D:10 [*[!   Orc:1 =   Orc:4 *![*

Annotations:
Lair:1 exclusion: oklob plant
Lair:8 exclusion: 2 oklob plants
Swamp:4 Lernaean hydra


Innate Abilities, Weirdness & Mutations

You have a pair of antennae on your head.
You are mostly covered in rugged brown scales (AC +2, +5% HP).
You may emit foul miasma when damaged in melee.
You regenerate health from kills.
You are immune to rotting.
You are dopey. (Int -2)
Your muscles are strong. (Str +2)
Your spells are a little harder to cast, but a little more powerful.
You expend magic power (3 MP) to strengthen your wands.


Message History

The 27-headed Lernaean hydra closely misses you.
The 27-headed Lernaean hydra bites you but does no damage.
You block the 27-headed Lernaean hydra's attack.
The 27-headed Lernaean hydra bites you but does no damage.
The 27-headed Lernaean hydra bites you!
* * * LOW HITPOINT WARNING * * *
You block the 27-headed Lernaean hydra's attack.
The 27-headed Lernaean hydra bites you but does no damage.
The 27-headed Lernaean hydra bites you.
* * * LOW HITPOINT WARNING * * *
The 27-headed Lernaean hydra bites you but does no damage. x2
The 27-headed Lernaean hydra bites you.
* * * LOW HITPOINT WARNING * * *
The 27-headed Lernaean hydra bites you.
* * * LOW HITPOINT WARNING * * *
The 27-headed Lernaean hydra bites you.
* * * LOW HITPOINT WARNING * * *
The 27-headed Lernaean hydra bites you but does no damage.
The 27-headed Lernaean hydra bites you!
You die...

♣≈≈≈....≈≈≈≈....≈≈≈≈.≈≈≈≈
♣♣≈≈...≈≈≈≈.≈≈.≈≈≈≈≈.≈≈≈≈
♣♣♣≈♣♣...≈≈.≈≈≈≈≈≈.♣♣≈≈≈
♣♣♣♣♣♣♣≈≈.≈≈≈≈....♣♣♣♣♣ ♣♣≈♣
♣≈≈.≈≈f≈.≈..≈♣♣ ♣♣≈.♣
♣..≈≈≈≈≈♣♣≈≈.≈♣♣ ♣≈.♣♣
♣♣.§≈≈..≈♣§≈≈≈..♣
♣♣♣≈♣♣♣♣§§§§≈≈≈≈..≈≈.♣♣♣ #. ♣♣
♣§.§♣J@§§§≈≈≈≈≈....♣ .D ≈♣
♣♣..DD§§§≈≈≈≈...♣♣♣♣
#.###.♣♣♣≈.≈kD§§§.≈≈♣♣♣♣≈≈♣♣♣♣
##.k#≈♣♣≈≈≈≈≈≈.§§♣≈≈.♣.....≈≈.♣♣
#.≈.#.♣≈≈≈≈≈≈.§.≈♣♣♣♣♣♣≈≈≈≈(≈[.♣
.#.≈..♣≈♣.§≈≈≈≈≈≈♣≈. ♣.....♣≈≈.
♣...†≈≈≈≈.^#≈≈..♣♣♣.♣ ♣♣♣♣♣♣♣.≈≈
♣♣≈.≈♣♣†♣.....≈♣ ≈≈. ♣♣≈≈
♣♣≈...†††≈..≈...♣ ≈≈. ♣♣♣


You could see the 27-headed Lernaean hydra, a shambling mangrove, a five-headed
hydra, a swamp dragon, a slime creature and a swamp drake.

Vanquished Creatures
  2 thorn hunters
  A very ugly thing (Swamp:4)
  A minotaur (Lab)
  Josephine (Orc:3)
  The ghost of Nicoed the Destroyer, a journeyman DrCj of Sif Muna (Lair:3)
  Fannar (D:11)
  Harold (Orc:1)
  16 hydras
  An ice dragon (Orc:3)
  Erica (D:11)
  A ghost crab (Swamp:2)
  A catoblepas (Lair:8)
  9 alligators
  A deep troll shaman (Lair:8)
  14 death yaks (Lair:8)
  Urug (Orc:2)
  3 unseen horrors
  A fire crab (Lair:7)
  A spriggan druid (Swamp:3)
  10 swamp dragons
  A shambling mangrove (Swamp:3)
  5 hill giants
  A manticore (D:11)
  A griffon (Lair:8)
  8 orc knights
  A lindwurm (Lair:8)
  A hornet (Swamp:1)
  2 ugly things (D:12)
  34 elephants
  Joseph (D:8)
  3 ice statues (IceCv)
  3 black mambas
  12 spiny frogs
  A torpor snail (Lair:4)
  A gargoyle (D:11)
  5 fire drakes
  4 komodo dragons
  A troll (Orc:3)
  3 two-headed ogres
  5 polar bears
  7 giant leeches
  18 blink frogs
  4 bog bodies
  2 wyverns
  10 slime creatures
  Sigmund (D:4)
  4 trapdoor spiders (Lab)
  4 wraiths (Orc:3)
  5 hippogriffs
  30 yaks
  Eustachio (D:4)
  3 basilisks
  A redback (Lair:6)
  A steam dragon (D:8)
  6 vampire mosquitoes
  23 swamp worms
  3 hungry ghosts
  19 wolves
  Edmund (D:5)
  4 insubstantial wisps (Swamp:2)
  11 wargs
  11 water moccasins
  11 swamp drakes
  9 porcupines
  2 phantoms
  6 wasps
  2 sky beasts
  3 black bears
  36 orc warriors
  15 ice beasts
  2 centaurs
  17 crocodiles
  2 necrophages (D:12)
  11 ogres
  16 big kobolds (D:8)
  17 giant frogs
  A wyvern zombie (D:6)
  3 scorpions
  16 killer bees
  4 spriggan skeletons (D:9)
  A troll skeleton (D:9)
  4 crimson imps
  7 giant frog zombies
  2 centaur zombies
  2 centaur skeletons
  4 hounds
  15 orc priests
  A gnoll shaman (D:8)
  3 jellies (D:9)
  25 orc wizards
  A quasit (D:5)
  12 iguanas
  8 worker ants
  30 sheep
  A hound zombie (D:4)
  A hound skeleton (D:10)
  5 adders
  7 gnolls
  A worker ant zombie (D:5)
  45 river rats
  3 shadow imps
  3 adder zombies
  An adder skeleton (D:4)
  4 worms
  3 giant geckos
  184 orcs
  11 bats
  5 giant cockroaches
  6 hobgoblins
  6 jackals
  7 quokkas
  A giant cockroach zombie (D:4)
  A giant gecko zombie (D:4)
  3 giant newts
  8 goblins
  A jackal skeleton (D:6)
  22 kobolds
  3 quokka skeletons
  2 quokka zombies (D:4)
  11 rats
  A fungus (Lair:8)
964 creatures vanquished.

Vanquished Creatures (others)
  A swamp drake (Swamp:4)
  An iguana (Lair:6)
  An orc (Orc:1)
  11 fungi
  A plant (Lair:8)
15 creatures vanquished.

Grand Total: 979 creatures vanquished

Notes
Turn   | Place    | Note
--------------------------------------------------------------
     0 | D:1      | lucasterio the Demonspawn Berserker began the quest for the Orb.
     0 | D:1      | Reached XP level 1. HP: 18/18 MP: 1/1
   389 | D:1      | Gained mutation: You regenerate a little health from kills. [demonic ancestry]
   389 | D:1      | Reached XP level 2. HP: 18/24 MP: 2/2
   716 | D:1      | Reached ** piety under Trog
  1109 | D:1      | Gained mutation: You have a pair of small antennae on your head. [demonic ancestry]
  1109 | D:1      | Reached XP level 3. HP: 29/29 MP: 3/3
  1127 | D:2      | Found a radiant altar of Vehumet.
  1344 | D:2      | Found an ancient bone altar of Kikubaaqudgha.
  1725 | D:2      | Reached skill level 4 in Maces & Flails
  1827 | D:2      | Reached XP level 4. HP: 8/35 MP: 4/4
  2347 | D:3      | Noticed an ice beast
  2357 | D:3      | Killed an ice beast
  2357 | D:3      | Gained mutation: You are immune to rotting. [demonic ancestry]
  2357 | D:3      | Reached XP level 5. HP: 41/41 MP: 5/5
  2361 | D:3      | Reached skill level 5 in Maces & Flails
  2668 | D:3      | Reached *** piety under Trog
  2763 | D:3      | Reached XP level 6. HP: 42/47 MP: 6/6
  3241 | D:4      | Noticed Eustachio
  3273 | D:4      | Killed Eustachio
  3273 | D:4      | Reached skill level 6 in Maces & Flails
  3273 | D:4      | Reached XP level 7. HP: 52/52 MP: 7/7
  3783 | D:4      | Reached skill level 7 in Maces & Flails
  3857 | D:4      | Noticed Sigmund
  3868 | D:4      | Killed Sigmund
  3868 | D:4      | Reached skill level 5 in Armour
  3868 | D:4      | Gained mutation: You have a pair of antennae on your head. [demonic ancestry]
  3868 | D:4      | Reached XP level 8. HP: 58/58 MP: 8/8
  4012 | D:4      | Found Saolaloq's Distillery.
  4031 | D:4      | Bought a potion of heal wounds for 65 gold pieces
  4031 | D:4      | Bought a potion of curing for 39 gold pieces
  4031 | D:4      | Bought a potion of poison for 13 gold pieces
  4031 | D:4      | Bought a potion of degeneration for 13 gold pieces
  4031 | D:4      | Bought a potion of flight for 39 gold pieces
  4141 | D:4      | Found Unewas's Magic Scroll Shoppe.
  4222 | D:5      | Entered Level 5 of the Dungeon
  4360 | D:4      | Bought a scroll of identify for 24 gold pieces
  4360 | D:4      | Bought a scroll of remove curse for 36 gold pieces
  4554 | D:5      | Reached skill level 8 in Maces & Flails
  5021 | D:5      | Reached skill level 9 in Maces & Flails
  5084 | D:5      | Noticed Edmund
  5110 | D:5      | Killed Edmund
  5110 | D:5      | Reached **** piety under Trog
  5300 | D:5      | Found a staircase to the Ecumenical Temple.
  5498 | D:6      | Got a warped robe
  5546 | D:6      | Got a translucent whip
  5956 | D:6      | Gained mutation: You are partially covered in rugged brown scales (AC +1, +3% HP). [demonic ancestry]
  5956 | D:6      | Reached XP level 9. HP: 38/64 MP: 9/9
  6299 | D:7      | Found Cauheegg's Food Emporium.
  6934 | D:7      | Found a white marble altar of Elyvilon.
  7571 | D:8      | Identified the +2 robe "Zafuvepn" {rPois MR- Str-4 SInv} (You found it on level 6 of the Dungeon)
  7616 | D:8      | Reached skill level 10 in Maces & Flails
  8035 | D:8      | Noticed Joseph
  8052 | D:8      | Killed Joseph
  8262 | D:8      | Reached skill level 11 in Maces & Flails
  8315 | D:8      | Reached XP level 10. HP: 72/72 MP: 10/10
  8368 | D:8      | Reached ***** piety under Trog
  8409 | D:8      | Found a sparkling altar of Nemelex Xobeh.
  8418 | D:8      | Found a glowing golden altar of the Shining One.
  8419 | D:8      | Found a deep blue altar of Sif Muna.
  9074 | D:8      | Found a staircase to the Lair.
  9642 | D:9      | Killed an unseen horror
  9642 | D:9      | Reached skill level 12 in Maces & Flails
  9990 | D:9      | Received a gift from Trog
  9991 | D:9      | Got a polished great mace {god gift}
  9997 | D:9      | Identified the +10 great mace of Wrongful Imprisonment {crush, +Fly Stlth+} (Trog gifted it to you on level 9 of the Dungeon)
 10024 | D:9      | Found a sparkling altar of Nemelex Xobeh.
 10176 | D:9      | Killed an unseen horror
 10698 | D:10     | Entered Level 10 of the Dungeon
 10816 | D:10     | Found Faommot's Antique Armour Boutique.
 11074 | D:10     | Noticed a hill giant
 11080 | D:10     | Killed a hill giant
 11080 | D:10     | Gained mutation: You are mostly covered in rugged brown scales (AC +2, +5% HP). [demonic ancestry]
 11080 | D:10     | Reached XP level 11. HP: 78/78 MP: 11/11
 11094 | D:10     | Found Weamonis's Distillery.
 11157 | D:10     | Found Eshraschie's Armour Shop.
 11233 | D:10     | Found Lutuironoji's Assorted Antiques.
 11234 | D:10     | Noticed a hill giant
 11242 | D:10     | Killed a hill giant
 11242 | D:10     | Reached skill level 13 in Maces & Flails
 11312 | D:10     | Bought a twisted cloak for 304 gold pieces
 11317 | D:10     | Identified the +1 cloak of Zonul {rF+} (You bought it in a shop on level 10 of the Dungeon)
 11831 | Lair:1   | Entered Level 1 of the Lair of Beasts
 12863 | Lair:2   | Received a gift from Trog
 13272 | Lair:2   | Reached skill level 14 in Maces & Flails
 13272 | Lair:2   | Reached skill level 10 in Armour
 13910 | Lair:3   | Noticed a four-headed hydra
 13921 | Lair:2   | Killed a four-headed hydra
 13921 | Lair:2   | Gained mutation: You regenerate health from kills. [demonic ancestry]
 13921 | Lair:2   | Reached XP level 12. HP: 26/85 MP: 12/12
 14139 | Lair:3   | Noticed Nicoed's ghost (journeyman DrCj)
 14150 | Lair:3   | Killed Nicoed's ghost
 14229 | Lair:3   | Noticed a four-headed hydra
 14235 | Lair:3   | Killed a four-headed hydra
 14235 | Lair:3   | Reached skill level 15 in Maces & Flails
 15029 | Lair:4   | Received a gift from Trog
 15030 | Lair:4   | Got a bloodstained lajatang {god gift}
 15548 | Lair:4   | Noticed a five-headed hydra
 15553 | Lair:4   | Killed a five-headed hydra
 16075 | Lair:2   | Identified the +10 lajatang "Viudue" {freeze, +Blink rElec rC+} (Trog gifted it to you on level 4 of the Lair of Beasts)
 16391 | Lair:5   | Reached skill level 16 in Maces & Flails
 16770 | Lair:6   | Gained mutation: You may emit foul miasma when damaged in melee. [demonic ancestry]
 16770 | Lair:6   | Reached XP level 13. HP: 79/90 MP: 13/13
 16824 | Lair:6   | Found a hole to the Spider Nest.
 17073 | Lair:6   | Got an ancient scale mail
 17331 | Lair:6   | Identified the +5 scale mail "Teocaf" {rF+} (You found it on level 6 of the Lair of Beasts)
 17352 | Lair:6   | Found a staircase to the Swamp.
 17487 | Lair:6   | Received a gift from Trog
 17488 | Lair:6   | Got a faintly glowing morningstar {god gift}
 17597 | Lair:2   | Noticed an eight-headed hydra
 17605 | Lair:2   | Killed an eight-headed hydra
 17658 | Lair:2   | Identified the +8 morningstar "Undertaker" {venom, MR+} (Trog gifted it to you on level 6 of the Lair of Beasts)
 18512 | Lair:7   | Reached skill level 17 in Maces & Flails
 18787 | Lair:8   | Entered Level 8 of the Lair of Beasts
 18847 | Lair:8   | Reached ****** piety under Trog
 19306 | Lair:8   | Reached XP level 14. HP: 97/97 MP: 14/14
 19381 | Lair:8   | Received a gift from Trog
 19530 | Lair:8   | Reached skill level 18 in Maces & Flails
 19848 | Lair:8   | Found a staircase to the Slime Pits.
 20420 | D:10     | Bought the +0 mask of the Dragon {MR+ Slay+3 SInv} for 434 gold pieces
 20461 | D:11     | Found a white marble altar of Elyvilon.
 20712 | D:11     | Found a staircase to the Orcish Mines.
 21060 | D:12     | Found a labyrinth entrance.
 21071 | D:12     | Reached skill level 1 in Evocations
 21072 | Lab      | Entered a labyrinth
 21150 | Lab      | Received a gift from Trog
 21153 | Lab      | Got a brightly glowing glass ring
 21154 | Lab      | Got a spiked leather armour
 22088 | D:12     | Identified the cursed +1 leather armour of Music {SInv} (You found it in a labyrinth)
 22091 | D:12     | Identified the ring of the Sky {+Inv +Fly rF+ Dex-3} (You found it in a labyrinth)
 22093 | D:12     | Identified a +8 rod of shadows (11/11) (You found it in a labyrinth)
 22452 | Orc:1    | Entered Level 1 of the Orcish Mines
 22452 | Orc:1    | Noticed Fannar
 22452 | Orc:1    | Noticed Harold
 22455 | Orc:1    | Noticed Erica
 22471 | D:11     | Killed Erica
 22486 | D:11     | Killed Fannar
 22515 | Orc:1    | Killed Harold
 23220 | Orc:1    | Found Yxaug's Jewellery Boutique.
 23244 | Orc:1    | Bought a +3 ring of strength for 188 gold pieces
 23440 | Orc:2    | Noticed Urug
 23443 | Orc:2    | Killed Urug
 23769 | Orc:3    | Received a gift from Trog
 23838 | Orc:3    | Found a frozen archway.
 23913 | IceCv    | Entered an ice cave
 23969 | IceCv    | Reached XP level 15. HP: 73/106 MP: 17/17
 24444 | Orc:3    | Noticed Josephine
 24466 | Orc:3    | Killed Josephine
 24672 | Orc:4    | Entered Level 4 of the Orcish Mines
 24737 | Orc:4    | Found a staircase to the Elven Halls.
 24842 | Orc:4    | Found Hapovvim's General Store.
 24848 | Orc:4    | Reached skill level 5 in Fighting
 24863 | Orc:4    | Found Leoseaf's Armour Boutique.
 24978 | Orc:4    | Received a gift from Trog
 24996 | Orc:4    | Bought a scroll of identify for 26 gold pieces
 25156 | Orc:4    | Found a roughly hewn altar of Beogh.
 25235 | Orc:4    | Found Tevioroli's Distillery.
 25235 | Orc:4    | Found Jop Kitipp's Assorted Antiques.
 25293 | Orc:4    | Bought a potion of beneficial mutation for 490 gold pieces
 25317 | Orc:4    | Bought a brightly glowing morningstar for 297 gold pieces
 25841 | Lair:2   | Gained mutation: Your spells are a little harder to cast, but a little more powerful. [potion of beneficial mutation]
 25843 | Lair:2   | Gained mutation: You are dopey. (Int -2) [potion of mutation]
 25843 | Lair:2   | Gained mutation: You expend magic power (3 MP) to strengthen your wands. [potion of mutation]
 25843 | Lair:2   | Gained mutation: Your muscles are strong. (Str +2) [potion of mutation]
 25844 | Lair:2   | Identified the +5 morningstar of Exquisite Torment {flame, *Drain rPois Int+4 Dex+2} (You bought it in a shop on level 4 of the Orcish Mines)
 26003 | Swamp:1  | Entered Level 1 of the Swamp
 26024 | Swamp:1  | Received a gift from Trog
 26794 | Swamp:2  | Got a twisted ring mail
 26965 | Swamp:2  | Reached skill level 5 in Evocations
 27054 | Swamp:2  | Noticed a thorn hunter
 27069 | Swamp:2  | Killed a thorn hunter
 27667 | Swamp:3  | Received a gift from Trog
 27903 | Swamp:3  | Reached skill level 15 in Armour
 28096 | Swamp:3  | Noticed a thorn hunter
 28108 | Swamp:3  | Killed a thorn hunter
 28298 | Swamp:3  | Reached XP level 16. HP: 120/120 MP: 20/20
 28312 | Swamp:4  | Entered Level 4 of the Swamp
 28388 | Swamp:4  | Reached skill level 19 in Maces & Flails
 28725 | Swamp:4  | Reached skill level 1 in Shields
 28828 | Swamp:4  | Noticed the 27-headed Lernaean hydra
 28841 | Swamp:4  | HP: 5/121 [the 27-headed Lernaean hydra (2)]
 28841 | Swamp:4  | HP: 1/121 [the 27-headed Lernaean hydra (2)]
 28841 | Swamp:4  | Mangled by the 27-headed Lernaean hydra

Action                   |  1- 3 |  4- 6 |  7- 9 | 10-12 | 13-15 | 16-18 || total
-------------------------+-------+-------+-------+-------+-------+-------++-------
Melee: Mace              |   152 |   212 |   773 |   365 |       |       ||  1502
       Great mace        |       |       |       |   486 |   163 |       ||   649
       Morningstar       |       |       |       |       |  1564 |   129 ||  1693
Invok: Berserk           |     2 |     3 |    11 |     9 |    18 |     2 ||    45
       Trog's Hand       |       |     3 |     2 |     1 |     1 |       ||     7
       Burn Spellbooks   |       |       |       |     1 |     1 |       ||     2
Evoke: Rod               |       |       |       |       |     1 |       ||     1
  Use: Scroll            |       |       |     1 |     9 |     9 |       ||    19
       Potion            |       |       |       |       |     8 |       ||     8
 Stab: Sleeping          |     4 |       |       |       |       |       ||     4
       Distracted        |       |       |     1 |       |       |       ||     1
       Petrified         |       |       |       |       |     3 |       ||     3
  Eat: Chunk             |     4 |     8 |    19 |    28 |    61 |     3 ||   123
       Meat ration       |       |       |     2 |     2 |       |       ||     4
       Pizza             |       |       |     2 |       |       |       ||     2
       Royal jelly       |       |       |       |       |     1 |       ||     1
       Beef jerky        |       |       |       |       |     1 |       ||     1
       Fruit             |       |       |       |       |     2 |       ||     2
